 Dungeon Crawl Stone Soup version 0.24.0-29-g8ce449bc06 (webtiles) character file.

Game seed: 4474233774197766336, levelgen mode: deterministic

91 Delamore the Chopper (level 4, -3/39 HPs)
             Began as a Hill Orc Fighter on Nov 16, 2019.
             Slain by an ogre
             ... wielding a cursed -2 giant spiked club
              (16 damage)
             ... on level 3 of the Dungeon.
             The game lasted 00:02:09 (2235 turns).

Delamore the Chopper (Hill Orc Fighter)             Turns: 2235, Time: 00:02:10

Health: -3/39      AC:  9    Str: 19    XL:     4   Next: 57%
Magic:  4/4        EV:  8    Int:  8    God:
Gold:   70         SH:  9    Dex: 10    Spells: 3/3 levels left

rFire    . . .     SeeInvis .   a - +0 war axe
rCold    + . .     Gourm    .   c - +0 shield
rNeg     + . .     Faith    .   m - +0 ring mail {rC+}
rPois    .         Spirit   .   t - +1 helmet
rElec    .         Reflect  .   o - scarf {cloud immunity}
rCorr    .         Harm     .   (no gloves)
MR       .....                  v - +0 pair of boots
Stlth    ..........             (no amulet)
HPRegen  0.13/turn              q - ring of positive energy
MPRegen  0.09/turn              (no ring)

@: no status effects
A: no striking features
a: no special abilities


You were on level 3 of the Dungeon.
You were not hungry.

You visited 1 branch of the dungeon, and saw 3 of its levels.

You collected 70 gold pieces.

Inventory:

Hand Weapons
 a - a +0 war axe (weapon)
Armour
 b - a +0 scale mail
 c - a +0 shield (worn)
 m - a +0 ring mail of cold resistance (worn)
 o - a scarf of cloud immunity (worn)
 t - a +1 helmet (worn)
 v - a +0 pair of boots (worn)
Jewellery
 q - a ring of positive energy (left hand)
Scrolls
 e - 3 scrolls of immolation {unknown}
 h - 2 scrolls of magic mapping {unknown}
 k - a scroll of enchant armour {unknown}
 p - a scroll of amnesia {unknown}
 s - a scroll of teleportation {unknown}
 w - 2 scrolls of blinking {unknown}
Potions
 d - a potion of might
 g - a potion of resistance {unknown}
 i - a potion of flight {unknown}
 j - a potion of lignification {unknown}
 l - 2 potions of mutation {unknown}
 n - a potion of heal wounds {unknown}
 r - a potion of magic {unknown}
 u - 2 potions of curing {unknown}
Comestibles
 f - 9 rations
 x - a chunk of flesh


   Skills:
 - Level 3.6 Fighting
 + Level 6.2 Axes
 - Level 3.2 Armour
 - Level 3.2 Shields


You had 3 spell levels left.
You didn't know any spells.
Your spell library was empty.

Dungeon Overview and Level Annotations

Branches:
Dungeon (3/15)

Altars:
Trog


Message History

The ogre is severely wounded.
You hear the slow rusting of a very distant drain.
The ogre hits you with a cursed -2 giant spiked club!
You are too injured to fight recklessly!
You are too injured to fight recklessly!
You are too injured to fight recklessly!
You are too injured to fight recklessly!
You are too injured to fight recklessly!
You are too injured to fight recklessly!
You are too injured to fight recklessly!
You are too injured to fight recklessly!
You hit the ogre.
The ogre is almost dead.
You hit the ogre.
The ogre is almost dead.
The ogre barely misses you.
You closely miss the ogre.
The ogre is almost dead.
The ogre hits you with a cursed -2 giant spiked club!
You die...

#........# ##......<#
##.#......###.........
............'.........
##...8...####.........
#..8_8..# ##.......#
#)..8...# ##.....##
#......## ##...##
#.#.##.# ##'##
#...@..# ##.####
###O#### #.....# #.
#..##.# #. ##...#.# #.
#.....(# #.
#######...... #.
........#.#.# #.
.######...#.# #.###.#


You could see an ogre.

Vanquished Creatures
  4 adders
  2 dart slugs (D:1)
  5 orcs (D:3)
  2 ball pythons
  3 giant cockroaches
  4 goblins
  2 hobgoblins
  7 jackals
  6 bats
  4 frilled lizards
  2 kobolds (D:2)
  6 rats
47 creatures vanquished.

Notes
Turn   | Place    | Note
-------+----------+-------------------------------------------
     0 | D:1      | Delamore the Hill Orc Fighter began the quest for the Orb.
     0 | D:1      | Reached XP level 1. HP: 19/19 MP: 1/1
   152 | D:1      | Reached skill level 3 in Axes
   210 | D:1      | Reached XP level 2. HP: 20/26 MP: 2/2
   226 | D:1      | Reached skill level 4 in Axes
   726 | D:1      | Reached XP level 3. HP: 29/31 MP: 3/3
  1122 | D:2      | Reached skill level 5 in Axes
  1406 | D:2      | Reached XP level 4. HP: 35/39 MP: 4/4
  1462 | D:2      | Found a bloodstained altar of Trog.
  2089 | D:3      | Found a faded altar of an unknown god.
  2113 | D:3      | Reached skill level 6 in Axes
  2225 | D:3      | Noticed an ogre
  2235 | D:3      | Slain by an ogre

Levels and vault maps discovered:
D:1:      eino_arrival_water_cross, layout_rooms, serial_co_window_serial,
          co_window_corner_a, co_window_paths_b, co_window_cross_1,
          co_window_paths_a, co_window_corner_a, co_window_2corner,
          co_window_unsneaky_path_c, co_window_broadway_b, co_window_cross_4,
          glass_columns_b, glass_columns_b, glass_columns_a, glass_columns_a,
          glass_columns_a, st_stairs_11
D:2:      layout_basic, nicolae_overflow_hidden_temple, lightli_temple_of_fire,
          first_ration
D:3:      layout_loops_corners, portal_sewer_entry_d,
          chequers_ecumenical_altar_simple, uniq_grinder

Skill      XL: |  1  2  3  4 |
---------------+-------------+-----
Axes           | 3 4 5 6 |  6.2
Fighting       | |  3.6
Armour         | |  3.2
Shields        | |  3.2

Action                   |  1- 3 |  4- 6 || total
-------------------------+-------+-------++-------
Melee: War axe           |   105 |    42 ||   147
  Eat: Chunk             |     2 |     2 ||     4
Armor: Scale mail        |    35 |       ||    35
       Ring mail         |    25 |    10 ||    35
Dodge: Dodged            |    50 |    16 ||    66
Block: Shield            |    68 |    14 ||    82
